 Dungeon Crawl Stone Soup version 0.31-a0-408-gb642c7f9a3 (webtiles) character file.

Game seed: 11352720741321443604

72 Gelion the Changeling (level 4, 0/29 HPs)
             Began as an Octopode Shapeshifter on July 30, 2023.
             Slain by an adder skeleton (2 damage)
             ... on level 3 of the Dungeon.
             The game lasted 00:01:39 (906 turns).

Gelion the Changeling (Octopode Shapeshifter)        Turns: 906, Time: 00:01:40

Health: 0/29       AC:  1    Str: 14    XL:     4   Next: 25%
Magic:  4/4        EV: 13    Int: 10    God:
Gold:   50         SH:  0    Dex: 14    Spells: 3/3 levels left

rFire   . .          .
                       - Unarmed
rCold   . . .        (no shield)
rNeg    . . .        (helmet currently unavailable)
rPois   .            (no amulet)
rElec   .            (no ring)
rCorr   .            (no ring)
SInv    .            (no ring)
Will    .....        (no ring)
Stlth   ++           (no ring)
HPRegen 0.24/turn    (no ring)
MPRegen 0.09/turn    (no ring)
                     (no ring)

%: no passive effects
@: beast-form
A: beast (slay +2), almost no armour, amphibious, 8 rings, camouflage 1,
gelatinous body 1, (nimble swimmer 1), tentacles
a: Begin Untransformation


You were on level 3 of the Dungeon.
You were a hulking beast.
You visited 1 branch of the dungeon, and saw 3 of its levels.

You collected 50 gold pieces.

Inventory:

Jewellery
 j - a ring of willpower
Talismans
 b - a beast talisman
Scrolls
 d - a scroll of revelation {unknown}
 e - a scroll of poison {unknown}
 f - a scroll of teleportation {unknown}
 h - 2 scrolls of identify {unknown}
 i - a scroll of fear {unknown}
 k - a scroll of blinking {unknown}
Potions
 a - a potion of lignification
 c - a potion of attraction {unknown}
 g - a potion of invisibility {unknown}


   Skills:
 + Level 2.0 Fighting
 - Level 2.0 Dodging
 + Level 3.5 Unarmed Combat
 * Level 3.8 Shapeshifting


You had 3 spell levels left.
You didn't know any spells.
Your spell library contained the following spells:

 Spells                   Type           Power      Damage    Failure   Level
 Apportation              Tloc           0%         N/A       36%         1
 Slow                     Hex            0%         N/A       36%         1
 Confusing Touch          Hex            0%         N/A       75%         3
 Vampiric Draining        Necr           0%         2d6       75%         3
 Alistair's Intoxication  Tmut/Pois      0%         N/A       100%        5


Dungeon Overview and Level Annotations

Branches:
Dungeon (3/15)

Altars:


Innate Abilities, Weirdness & Mutations

You are a hulking beast.
Your limbs bulge with bestial killing power. (Slay +2)
You cannot wear most types of armour.
You are amphibious.
You can wear up to eight rings at the same time.
Your skin changes colour to match your surroundings (Stealth+).
Your rubbery body absorbs attacks. (AC +1, EV +1)
((You are camouflaged when in or above water. (Stealth+)))
You have tentacles for arms and can constrict up to eight enemies at once.


Message History

* * * LOW HITPOINT WARNING * * *
You tentacle-slap the hobgoblin. You grab the hobgoblin.
The hobgoblin is severely wounded.
You constrict the adder skeleton. You constrict the hobgoblin.
You kill the hobgoblin!
The adder skeleton barely misses you. The adder skeleton bites you.
* * * LOW HITPOINT WARNING * * *
The adder skeleton completely misses you.
You release your grip on the adder skeleton.
The adder skeleton attacks as you move away!
The adder skeleton barely misses you.
Found 13 gold pieces.
The adder skeleton bites you but does no damage.
Unknown command.
The adder skeleton barely misses you.
You barely miss the adder skeleton. Your grab misses the adder skeleton.
The adder skeleton is heavily damaged.
The adder skeleton closely misses you. The adder skeleton misses you.
The adder skeleton bites you.
* * * LOW HITPOINT WARNING * * *
You tentacle-slap the adder skeleton. Your grab misses the adder skeleton.
The adder skeleton is severely damaged.
The adder skeleton barely misses you. The adder skeleton misses you.
The adder skeleton closely misses you.
Unknown command.
You tentacle-slap the adder skeleton. You grab the adder skeleton.
The adder skeleton is almost destroyed.
You constrict the adder skeleton.
You destroy the adder skeleton!
The adder skeleton bites you.
* * * LOW HITPOINT WARNING * * *
The adder skeleton bites you but does no damage.
You completely miss the adder skeleton. You grab the adder skeleton.
You constrict the adder skeleton. The adder skeleton bites you.
* * * LOW HITPOINT WARNING * * *
The adder skeleton misses you.
You bludgeon the adder skeleton!
The adder skeleton is severely damaged.
You constrict the adder skeleton. The adder skeleton barely misses you.
The adder skeleton bites you.
You die...

# ##
#########......#.##
..................#
.P..............#...
...##...............
.$#......§.######..#
.P..#...§§.## #..
##..§§§.§.# #.
#....§Z§§§#
...?.##Zh§§§....
###.# #§§§.§#### #.
#..§.§.# .§.###..#
..### #..# .## #..
## #.


You could see 2 adder skeletons.

Vanquished Creatures
  3 adders (D:3)
  2 adder skeletons (D:3)
  An adder zombie (D:3)
  A worm (D:1)
  2 endoplasms (D:1)
  2 giant cockroaches
  2 goblins (D:2)
  3 hobgoblins
  2 quokkas
  6 ball pythons
  A ball python zombie (D:3)
  2 bats
  A frilled lizard (D:1)
  2 kobolds
  6 rats
36 creatures vanquished.

Notes
Turn   | Place    | Note
-------+----------+-------------------------------------------
     0 | D:1      | Gelion the Octopode Shapeshifter began the quest for the
                  | Orb.
     0 | D:1      | Reached XP level 1. HP: 13/13 MP: 1/1
    91 | D:1      | Reached XP level 2. HP: 12/18 MP: 2/2
   653 | D:2      | Reached XP level 3. HP: 19/23 MP: 3/3
   896 | D:3      | Reached XP level 4. HP: 17/29 MP: 4/4
   905 | D:3      | HP: 1/29 [adder skeleton (2)]
   906 | D:3      | Slain by an adder skeleton

Illustrated notes

Levels and vault maps discovered:
D:1:      minmay_arrival_solitary_statue, layout_rooms, nicolae_wormholes
D:2:      layout_loops_cross, uniq_jessica
D:3:      layout_rooms, serial_undead, serial_undead_e, serial_undead_a,
          serial_undead_e, serial_undead_a, serial_undead_a, serial_undead_f,
          serial_undead_b, moated_statue

Skill      XL: |  1  2  3 |
---------------+----------+-----
Fighting       | 2 |  2.0
Dodging        | |  2.0
Unarmed Combat | |  3.5
Shapeshifting  | |  3.8

Action                     |  1- 3 |  4- 6 || total
---------------------------+-------+-------++-------
  Melee: Unarmed           |    64 |     9 ||    73
         Constrict         |    19 |     5 ||    24
         Tentacles         |    11 |       ||    11
   Stab: Sleeping          |    10 |       ||    10
 Armour: Skin              |     5 |     3 ||     8
  Dodge: Dodged            |    42 |    15 ||    57

Table legend: (Time is in decaauts)
 A = Elapsed time spent in this place.
 B = Non-inter-level travel time spent in this place.
 C = Inter-level travel time spent in this place.
 D = Time resting spent in this place.
 E = Time spent auto-exploring this place.
 F = Levels seen in this place.
 G = Mean time per level.
                   A        B        C        D        E       F      G
               +--------+--------+--------+--------+--------+-----+--------+
         Total |    900 |    871 |     29 |      0 |    676 |   3 |  300.0 |
       Dungeon |    900 |    871 |     29 |      0 |    676 |   3 |  300.0 |
               +--------+--------+--------+--------+--------+-----+--------+

Top non-repeatable levels by time:
     D:1: 534 daAuts
     D:2: 242 daAuts
     D:3: 123 daAuts
